 Dungeon Crawl Stone Soup version 0.30-a0-672-gc3a7216ad8 (webtiles) character file.

Game seed: 16269013075432421557

1339 lunkers the Cleaver (level 9, -6/70 HPs)
             Began as a Meteoran Fighter on Jan 18, 2023.
             Mangled by a two-headed ogre
             ... wielding a +0 giant club
              (22 damage)
             ... on level 6 of the Dungeon.
             The game lasted 00:04:33 (2706 turns).

lunkers the Cleaver (Meteoran Fighter)              Turns: 2706, Time: 00:04:34

Health: -6/70      AC: 17    Str: 22    XL:     9   Next: 15%
Magic:  10/10      EV:  9    Int:  9    God:
Gold:   189        SH:  5    Dex: 15    Spells: 8/8 levels left

rFire   . . .      SeeInvis .    a - +0 war axe
rCold   + . .      Faith    .    c - +0 buckler
rNeg    . . .      Spirit   .    b - +0 scale mail
rPois   .          Reflect  .    (no helmet)
rElec   .          Harm     .    w - +0 cloak
rCorr   .          Rampage  .    p - +4 pair of gloves of Lycyoqeq {rC+}
Will    +....                    (no boots) Stlth
                                 v - amulet of regeneration
HPRegen 1.11/turn                q - +4 ring of protection
MPRegen 0.12/turn                (no ring)

@: glowing
A: sense surroundings 2, otherworldly, glowing, explore regen
a: no special abilities


You were on level 6 of the Dungeon.
You visited 2 branches of the dungeon, and saw 7 of its levels.

You collected 189 gold pieces.

Inventory:

Hand Weapons
 a - a +0 war axe (weapon)
Missiles
 s - 2 curare-tipped darts
Armour
 b - a +0 scale mail (worn)
 c - a +0 buckler (worn)
 p - the +4 pair of gloves of Lycyoqeq (worn) {rC+}
   (You found it on level 2 of the Dungeon)

   rC:        It protects you from cold.
 w - a +0 cloak (worn)
Jewellery
 q - a +4 ring of protection (left hand)
 v - an amulet of regeneration (around neck)
Scrolls
 d - 2 scrolls of enchant armour {unknown}
 e - 3 scrolls of identify {unknown}
 f - 2 scrolls of amnesia {unknown}
 i - a scroll of poison {unknown}
 j - a scroll of fear {unknown}
 n - a scroll of noise {unknown}
 t - 2 scrolls of teleportation {unknown}
 y - a scroll of vulnerability {unknown}
Potions
 g - a potion of heal wounds {unknown}
 h - 2 potions of flight {unknown}
 k - 2 potions of mutation {unknown}
 l - 2 potions of curing
 m - a potion of lignification {unknown}
 o - a potion of ambrosia {unknown}
 r - a potion of cancellation {unknown}
 u - a potion of attraction {unknown}
 x - a potion of degeneration {unknown}


   Skills:
 - Level 3.2 Fighting
 + Level 12.3 Axes
 - Level 3.6 Armour
 - Level 3.6 Shields


You had 8 spell levels left.
You didn't know any spells.
Your spell library contained the following spells:

 Spells                   Type           Power      Damage    Failure   Level
 Sublimation of Blood     Necr           0%         N/A       91%         2
 Wereblood                Tmut           0%         N/A       91%         2
 Summon Hydra             Summ           0%         N/A       100%        7


Dungeon Overview and Level Annotations

Branches:
Dungeon (6/15) Zot: 1434   Temple (1/1) D:5 Zot: 9

Altars:
Ashenzari
Cheibriados
Dithmenos
Elyvilon
Fedhas
Gozag
Hepliaklqana
Kikubaaqudgha
Makhleb
Nemelex Xobeh
Qazlal
Ru
Sif Muna
Trog
Uskayaw
Vehumet
Wu Jian
Xom
Yredelemnul
Zin
The Shining One


Innate Abilities, Weirdness & Mutations

You passively map the area around you.
You are easily found by Zot.
You glow in the dark.
You regain HP and MP as you explore.


Message History

No target in view!
No target in view!
No target in view!
No target in view!
As you open the door, it creaks loudly!
(D) Dungeon (T) Temple
Where to? (Enter - D:5, ? - help)
What level of the Dungeon? (default 1, ? - help)
You open the door.
There is an open door here.
You see here 3 javelins.
There is a stone staircase leading down here.
You climb downwards.
The two-headed ogre shouts in stereo!
There is a stone staircase leading up here.
A two-headed ogre is nearby!
You hit the two-headed ogre but do no damage.
The two-headed ogre hits you with a +0 giant club.
The two-headed ogre hits you but does no damage.
You hit the two-headed ogre.
The two-headed ogre is lightly wounded.
You hit the two-headed ogre.
The two-headed ogre is lightly wounded.
The two-headed ogre hits you with a +0 giant club!!
The two-headed ogre hits you with a +0 giant club.
You hit the two-headed ogre.
The two-headed ogre is moderately wounded.
You barely miss the two-headed ogre.
The two-headed ogre is moderately wounded.
The two-headed ogre hits you with a +0 giant club!
* * * LOW HITPOINT WARNING * * *
The two-headed ogre hits you with a +0 giant club!!
* * * LOW HITPOINT WARNING * * *
Sorry, you're not good enough to have a special ability.
You hit the two-headed ogre but do no damage.
The two-headed ogre is moderately wounded.
You hit the two-headed ogre.
The two-headed ogre is moderately wounded.
The two-headed ogre hits you with a +0 giant club!!
You die...

** *
,* ,
#.# *
**
#.#
#.#
#.#
,, **
#.# *
, #.#
,,, ,
, #.#
,, +
, #@#
*
,*#O#
*
*#.#
, , *
#.#
*#.#
+ ..#
*.##
*. *
*


You could see a two-headed ogre.

Vanquished Creatures
  Eustachio (D:4)
  4 vampire mosquitoes (D:5)
  A black bear (D:5)
  An ogre (D:5)
  A bullfrog (D:4)
  A scorpion (D:4)
  An orc priest (D:4)
  A hound (D:5)
  An iguana (D:5)
  2 orc wizards
  7 gnolls
  9 adders
  A shadow imp (D:5)
  2 ufetubi
  18 orcs
  3 bats
  5 endoplasms
  4 giant cockroaches
  A hobgoblin (D:1)
  3 jackals (D:1)
  2 quokkas
  9 ball pythons
  A frilled lizard (D:1)
  7 goblins
  3 kobolds
  5 rats
94 creatures vanquished.

Vanquished Creatures (others)
  An orc wizard (D:4)
  2 plants (D:1)
  4 toadstools (D:2)
7 creatures vanquished.

Grand Total: 101 creatures vanquished

Notes
Turn   | Place    | Note
-------+----------+-------------------------------------------
     0 | D:1      | lunkers the Meteoran Fighter began the quest for the Orb.
     0 | D:1      | Reached XP level 1. HP: 19/19 MP: 2/2
    80 | D:1      | Reached skill level 3 in Axes
    80 | D:1      | Reached XP level 2. HP: 26/26 MP: 3/3
   321 | D:1      | Reached XP level 3. HP: 31/31 MP: 4/4
   331 | D:1      | Reached skill level 4 in Axes
   554 | D:2      | Reached XP level 4. HP: 31/38 MP: 5/5
   631 | D:2      | Reached skill level 5 in Axes
   667 | D:2      | Identified the +4 pair of gloves of Lycyoqeq {rC+}
   860 | D:3      | Identified the +4 sling of Veseluq {freeze, rElec rF+++ rC+
                  | Int-4}
  1113 | D:4      | Reached XP level 5. HP: 36/45 MP: 6/6
  1272 | D:4      | HP: 2/45 [poisoned by a scorpion]
  1273 | D:4      | Reached skill level 6 in Axes
  1273 | D:4      | Reached XP level 6. HP: 2/51 MP: 7/7
  1345 | D:4      | Reached skill level 7 in Axes
  1436 | D:4      | Noticed Eustachio
  1446 | D:4      | Killed Eustachio
  1447 | D:4      | Reached skill level 8 in Axes
  1447 | D:4      | Reached XP level 7. HP: 52/57 MP: 8/8
  1581 | D:4      | Reached skill level 9 in Axes
  1725 | D:5      | Entered Level 5 of the Dungeon
  1727 | D:5      | Noticed a vampire mosquito
  1727 | D:5      | Noticed a vampire mosquito
  1727 | D:5      | Noticed a vampire mosquito
  1727 | D:5      | Noticed a vampire mosquito
  1732 | D:5      | Killed a vampire mosquito
  1733 | D:5      | Reached XP level 8. HP: 57/63 MP: 9/9
  1741 | D:5      | Killed a vampire mosquito
  1742 | D:5      | Reached skill level 10 in Axes
  1751 | D:5      | Killed a vampire mosquito
  1756 | D:5      | Killed a vampire mosquito
  1757 | D:5      | Reached skill level 11 in Axes
  1801 | D:5      | Found a staircase to the Ecumenical Temple.
  1819 | Temple   | Entered the Ecumenical Temple
  2319 | Temple   | Glimpsed the power of Zot.
  2369 | Temple   | Glimpsed the power of Zot.
  2409 | Temple   | Glimpsed the power of Zot.
  2511 | D:5      | Gained mutation: You passively map the area around you.
                  | [Meteoran growth]
  2511 | D:5      | Reached XP level 9. HP: 65/70 MP: 10/10
  2614 | D:5      | Reached skill level 12 in Axes
  2699 | D:6      | Noticed a two-headed ogre
  2706 | D:6      | Mangled by a two-headed ogre

Illustrated notes

Levels and vault maps discovered:
D:1:      lightli_arrival_quake, layout_rooms, serial_forest,
          infiniplex_forest_lined_ring, infiniplex_forest_straight_3,
          infiniplex_forest_clump_cross, infiniplex_forest_corner_1,
          infiniplex_forest_lined_2, infiniplex_forest_straight_5,
          infiniplex_forest_clump_curved
D:2:      layout_basic, minmay_gold_behind_fungi, minmay_snake_closets,
          uniq_crazy_yiuf_cottage
D:3:      minmay_door_path, layout_loops_ring
D:4:      layout_cave_pods, minmay_misc_feat_iff, wad_orctagon, uniq_eustachio
D:5:      layout_basic, minmay_temple_entry_glassed_door, serial_shops,
          kennysheep_mini, kennysheep_generic_room_12
D:6:      layout_loops_corners, serial_shops, kennysheep_little_box,
          uniq_menkaure
Temple:   mainiacjoe_temple_starburst

Skill      XL: |  1  2  3  4  5  6  7  8  9 |
---------------+----------------------------+-----
Axes           | 3 4 5 6 8 9 11 12 | 12.3
Fighting       | |  3.2
Armour         | |  3.6
Shields        | |  3.6

Action                   |  1- 3 |  4- 6 |  7- 9 || total
-------------------------+-------+-------+-------++-------
Melee: War axe           |    78 |    93 |   129 ||   300
  Use: Potion            |       |     2 |       ||     2
Armor: Scale mail        |    50 |    87 |   100 ||   237
Dodge: Dodged            |    30 |    46 |    45 ||   121
Block: Buckler           |    16 |    31 |    29 ||    76

Table legend: (Time is in decaauts)
 A = Elapsed time spent in this place.
 B = Non-inter-level travel time spent in this place.
 C = Inter-level travel time spent in this place.
 D = Time resting spent in this place.
 E = Time spent auto-exploring this place.
 F = Levels seen in this place.
 G = Mean time per level.
                   A        B        C        D        E       F      G
               +--------+--------+--------+--------+--------+-----+--------+
         Total |   2755 |   2576 |    179 |      0 |   1922 |   7 |  393.6 |
       Dungeon |   2164 |   2065 |     99 |      0 |   1430 |   6 |  360.7 |
        Temple |    590 |    510 |     80 |      0 |    492 |   1 |  590.0 |
               +--------+--------+--------+--------+--------+-----+--------+

Top non-repeatable levels by time:
     D:4: 663 daAuts
  Temple: 590 daAuts
     D:3: 390 daAuts
     D:5: 380 daAuts
     D:1: 374 daAuts
     D:2: 348 daAuts
     D:6: 6 daAuts
